[Event "Late-Titled-Tuesday-Blitz-April-16-2024"]
[Site "Chess.com"]
[Date "2024.04.16"]
[Round "8"]
[White "temus_galaktionov"]
[Black "sergiochess83"]
[Result "1/2-1/2"]
[WhiteElo "2879"]
[BlackElo "2950"]
[TimeControl "180+1"]
[EndTime "15:24:52 PDT"]
[Termination "Game drawn by stalemate"]

1. d4 Nf6 2. Nf3 d5 3. c4 e6 4.
Nc3 c5 5. cxd5 Nxd5 6. e4 Nxc3 7. bxc3 cxd4 8. cxd4 Bb4+ 9. Bd2 Bxd2+ 10. Qxd2 O-O 11.
Bd3 Nc6 12. Bc2 Bd7 13. O-O Qa5 14. Qe3 Rac8 15. Bb3 Ne7 16. Rfc1 Ba4 17. Bc4 Rfd8 18. h3 h6 19. Ne5 Nc6 20. Nxc6 Rxc6 21. d5 exd5 22. Bxd5 Rxc1+ 23. Rxc1 Bc6 24. Bb3 Qe5 25. f3 Rd4 26. Rc4 Rxc4 27. Bxc4 b6 28. Bb3 g5 29. Kf2 Kg7 30. g3 Qb2+ 31. Qe2 Qd4+ 32. Qe3 Qe5 33.
Qd3 h5 34. Qc4 Be8 35. Qd5 Qxd5 36. Bxd5 Kf6 37. f4 gxf4 38. gxf4 Bd7 39. h4 Be6 40. Bxe6 Kxe6 41. Ke3 f6 42. Kd4 Kd6 43. Kc4 a6 44. a4 Kc6 45. Kb4 b5 46. axb5+ axb5 47. e5 fxe5 48. fxe5 Kd5 49. Kxb5 Kxe5 50. Kc4 Kf4 51. Kd3 Kg4 52. Ke2 Kxh4 53. Kf2 Kh3 54. Kg1 h4 55. Kh1 Kg3 56. Kg1 h3 57. Kh1 h2 1/2-1/2

[Event "Late-Titled-Tuesday-Blitz-April-16-2024"]
[Site "Chess.com"]
[Date "2024.04.16"]
[Round "8"]
[White "watermelonattackk"]
[Black "Cluke86"]
[Result "1-0"]
[WhiteElo "2487"]
[BlackElo "2343"]
[TimeControl "180+1"]
[EndTime "15:24:52 PDT"]
[Termination "watermelonattackk won by resignation"]

1. d4 d6 2. c4 Nf6 3. g3 e5 4. Nf3 e4 5. Ng5 Qe7 6. Bg2 Bf5 7. Nc3 c6 8. Qc2 h6 9. Ngxe4 Nxe4 10. Bxe4 Bxe4 11. Qxe4 Na6 12. Qxe7+ Bxe7 13. a3 Bf6 14. e3 Nc7 15. f4 d5 16. cxd5 Nxd5 17. Nxd5 cxd5 18.
Bd2 Kd7 19. Ke2 h5 20. h3 Be7 21. Kd3 f5 22. Rag1 Ke6 23. Rh2 Rag8 24. Rhg2 Kf7 25.
g4 hxg4 26. hxg4 g6 27. Rc1 Rc8 28. Rcg1 Rcg8 29. gxf5 gxf5 30. Rxg8 Rxg8 31. Rc1 Bd6 32. Rh1 Rg3 33. Rh7+ Rg7 34. Rh8 Rg3 35. Rh5 Kf6 36. Rh4 Rg8 37. Rh6+ Ke7 38. Be1 Rg2 39. Rh7+ Ke6 40. Rxb7 Rg1 41. Bd2 Rb1 42. Kc2 Rf1 43.
Rxa7 Rf2 44. Ra6 Kd7 45. Kd3 Rf3 46. a4 Rh3 47. Kc2 Rh8 48. b4 Rb8 49. b5 Rc8+ 50. Kd3 Rc4 51. a5 Ra4 52. b6 Ra3+ 53.
Ke2 Ra2 54. Kd1 Ra1+ 55. Kc2 Kc6 56. b7+ Kd7 57. Rxd6+ 1-0

[Event "Late-Titled-Tuesday-Blitz-April-16-2024"]
[Site "Chess.com"]
[Date "2024.04.16"]
[Round "8"]
[White "Viktoker"]
[Black "duone"]
[Result "0-1"]
[WhiteElo "2463"]
[BlackElo "2342"]
[TimeControl "180+1"]
[EndTime "15:24:52 PDT"]
[Termination "duone won by checkmate"]

1. e4 c5 2. Nf3 d6 3. d4 cxd4 4. Nxd4 Nf6 5. Nc3 a6 6. Qe2 e5 7. Nf5 g6 8. Ne3 Bg7 9. Ned5 Nxd5 10. Nxd5 Be6 11. Qd1 O-O 12. Bc4 Nd7 13. Ne3 Qc7 14. Bd5 Nf6 15. c4 Nxd5 16. exd5 Bd7 17. O-O f5 18. Qe2 Rac8 19. b3 b5 20. Bb2 f4 21.
Ng4 bxc4 22. Rac1 Bb5 23. h4 c3 24. Qe1 Bxf1 25. Rxc3 Qd7 26. Nh2 Bb5 27. Nf3 Rxc3 28.
Qxc3 Rc8 29. Qb4 Qb7 30. Qxd6 Qd7 31. Qb6 Qxd5 32. Ng5 Qd1+ 33. Kh2 Qg4 34. Kg1 Bd7 35. Qd6 h6 36. f3 Qf5 37. Ne4 Bc6 38. Nc5 Qf6 39.
Qd2 Rd8 40. Qe2 Bb5 41. Qc2 Qc6 42. b4 Kh7 43. h5 Rd6 44. a4 Bd3 45. Qc3 Bf5 46.
Qc4 Rd1+ 47. Kh2 Rd2 48. Bc3 Rc2 49. b5 axb5 50. axb5 Qf6 51. Nd3 Qh4+ 52. Kg1 Bxd3 53. Qxd3 Qf2+ 54. Kh2 Qxg2# 0-1

[Event "Late-Titled-Tuesday-Blitz-April-16-2024"]
[Site "Chess.com"]
[Date "2024.04.16"]
[Round "8"]
[White "xasid81"]
[Black "Byniolus"]
[Result "0-1"]
[WhiteElo "2664"]
[BlackElo "2840"]
[TimeControl "180+1"]
[EndTime "15:24:53 PDT"]
[Termination "Byniolus won by resignation"]

1. d4 d6 2. e4 Nf6 3. Nc3 c6 4. Nf3 Bg4 5. Be2 e6 6. Bf4 d5 7. e5 Nfd7 8. Nd2 Bxe2 9. Nxe2 c5 10. O-O Nc6 11. c4 Nb6 12. dxc5 Bxc5 13. Qc2 Be7 14.
Rfd1 O-O 15. a3 Rc8 16. c5 Nd7 17. b4 Ncxe5 18. Qa4 a6 19. Nd4 Nd3 20. c6 bxc6 21.
Nxc6 Rxc6 22. Qxc6 Nxf4 23. Qxa6 h5 24. Nf3 Qa8 25.
Qb5 Nf6 26. g3 Rb8 27. Qf1 Ng6 28. Rdc1 Ne4 29. Qe2 Bf6 30. Qa2 Bxa1 31. Rxa1 Qa4 32. Qb2 Ne7 33. Qe5 Rc8 34. Qxh5 Qc2 35. Ng5 Qxf2+ 36.
Kh1 Nxg5 37. Qxg5 Rc2 0-1

[Event "Late-Titled-Tuesday-Blitz-April-16-2024"]
[Site "Chess.com"]
[Date "2024.04.16"]
[Round "8"]
[White "Misterfox120"]
[Black "rionelG"]
[Result "1-0"]
[WhiteElo "2393"]
[BlackElo "2192"]
[TimeControl "180+1"]
[EndTime "15:24:54 PDT"]
[Termination "Misterfox120 won by checkmate"]

1. d4 d5 2. Nc3 e6 3. e4 Nf6 4. e5 Nfd7 5. f4 c5 6. Nf3 Nc6 7. Be3 Qb6 8. Na4 Qa5+ 9. c3 c4 10. b4 cxb3 11. axb3 Qc7 12. Bd3 Be7 13. O-O O-O 14.
Qe1 f6 15. f5 exf5 16. e6 Nb6 17. Bxf5 Nxa4 18. Rxa4 g6 19. Bh3 Re8 20. c4 dxc4 21. d5 Ne5 22. Nxe5 Qxe5 23. bxc4 b5 24. cxb5 Qxd5 25. Rd4 Qxb5 26. Rdf4 Bxe6 27. Bxe6+ Kg7 28. Bd4 Rf8 29. Qf2 Qg5 30. h4 Qb5 31. Rxf6 Bxf6 32. Bxf6+ Kh6 33. Qf4+ Kh5 34. g4# 1-0

[Event "Late-Titled-Tuesday-Blitz-April-16-2024"]
[Site "Chess.com"]
[Date "2024.04.16"]
[Round "8"]
[White "kripri"]
[Black "carlsenCamacho"]
[Result "1-0"]
[WhiteElo "2407"]
[BlackElo "2288"]
[TimeControl "180+1"]
[EndTime "15:24:55 PDT"]
[Termination "kripri won on time"]

1. e4 d5 2. exd5 Qxd5 3. Nc3 Qd6 4. d4 Nf6 5. Bc4 g6 6. Nf3 Bg7 7. O-O O-O 8. Bg5 a6 9. a4 Nbd7 10. Qd2 c5 11. d5 Ne5 12. Nxe5 Qxe5 13. Rfe1 Qf5 14.
Rxe7 Ng4 15. h3 Nxf2 16. Qxf2 Qxg5 17. Qe2 Bxh3 18. d6 Rad8 19. Ne4 Bd4+ 20. Kh2 Be5+ 21. Rxe5 Qxe5+ 22. Kxh3 Kg7 23. Re1 h5 24. c3 h4 25.
Qf2 Rde8 26. Re2 f5 27. Ng5 Qxd6 28. Ne6+ Rxe6 29. Rxe6 Qd7 30. Kh2 b5 31. axb5 axb5 32. Ba2 c4 33. Qe3 Qc7+ 34. Kg1 Rf7 35. Qd4+ 1-0

[Event "Late-Titled-Tuesday-Blitz-April-16-2024"]
[Site "Chess.com"]
[Date "2024.04.16"]
[Round "8"]
[White "rajesh1464"]
[Black "Boorchess"]
[Result "1-0"]
[WhiteElo "2399"]
[BlackElo "2485"]
[TimeControl "180+1"]
[EndTime "15:24:56 PDT"]
[Termination "rajesh1464 won on time"]

1. d4 Nf6 2. c4 e6 3. Nf3 c5 4. g3 b6 5. Bg2 Bb7 6. O-O cxd4 7.
Nxd4 Bxg2 8. Kxg2 Qc8 9. b3 Qb7+ 10. f3 Be7 11. Nc3 Nc6 12. e4 O-O 13. Be3 Rfd8 14. Ndb5 d6 15. Qe2 Re8 16. Rad1 Rad8 17. Qf2 Ne5 18. Rd2 d5 19. Bf4 Ng6 20. Bc7 Rd7 21.
exd5 exd5 22. Nxd5 Nxd5 23. cxd5 Bc5 24. Re1 Rde7 25.
Rxe7 Rxe7 26. d6 Rd7 27. Qe2 Qc6 28. Qe8+ Nf8 29. Nxa7 Qb7 30. Nb5 Qa6 31. a4 Qa5 32. Re2 Qb4 33. Qc8 1-0

[Event "Late-Titled-Tuesday-Blitz-April-16-2024"]
[Site "Chess.com"]
[Date "2024.04.16"]
[Round "8"]
[White "Stanbad1"]
[Black "Fins0905"]
[Result "0-1"]
[WhiteElo "2629"]
[BlackElo "2781"]
[TimeControl "180+1"]
[EndTime "15:24:59 PDT"]
[Termination "Fins0905 won by resignation"]

1. d4 d5 2. Nc3 Nf6 3. Bf4 a6 4. e3 Bf5 5. f3 h6 6. g4 Bh7 7. Bd3 Bxd3 8. Qxd3 e6 9. Nge2 c5 10. dxc5 Bxc5 11. h4 Nc6 12. O-O-O Qa5 13.
a3 O-O-O 14. g5 Nh5 15. g6 f5 16. Bh2 Rhe8 17. Nd4 Nxd4 18. exd4 Bd6 19. Bxd6 Rxd6 20.
Qe3 Qd8 21. Rde1 Qf6 22. Rhg1 Red8 23. Kb1 Kb8 24. Nd1 f4 25. Qe5 Ng3 26. Nf2 Qxe5 27. dxe5 Rc6 28. Nd3 Rf8 29. Rd1 Nf5 30. Nxf4 Nxh4 31.
Nh5 Rc7 32. f4 Rf5 33. Nf6 Rxf4 34. b3 Rf5 35. c4 Rxe5 36. cxd5 exd5 37. Rxd5 Rxd5 38.
Nxd5 Rd7 39. Nf4 Rd4 40. Nh5 Rd6 41. Rg4 Nxg6 42. Nxg7 Ne5 43. Rh4 Rg6 44. Nf5 Rg2 45. Rxh6 Nd3 46. b4 Rb2+ 47. Ka1 Rf2 48. Nd4 Ne5 49.
Rh7 Nc4 50. Rh8+ Ka7 51. a4 Nb6 52. a5 Nd5 53. b5 axb5 54. Nxb5+ Ka6 55. Ra8+ Kxb5 56.
Ra7 Rf7 57. a6 Rf1+ 58. Ka2 bxa6 59. Rd7 Nb4+ 60. Ka3 Rf3+ 61. Kb2 a5 0-1

[Event "Late-Titled-Tuesday-Blitz-April-16-2024"]
[Site "Chess.com"]
[Date "2024.04.16"]
[Round "8"]
[White "GiorgianBarbosa"]
[Black "Jagerrmeisterr"]
[Result "1-0"]
[WhiteElo "2470"]
[BlackElo "2690"]
[TimeControl "180+1"]
[EndTime "15:24:59 PDT"]
[Termination "GiorgianBarbosa won on time"]

1. c4 Na6 2. g3 c5 3. Bg2 Rb8 4. Nf3 Nf6 5. O-O e6 6. d4 d5 7. cxd5 exd5 8. Nc3 Be6 9. Bg5 Be7 10. Ne5 O-O 11.
dxc5 Nxc5 12. Nd3 Nxd3 13. Qxd3 d4 14. Ne4 Nxe4 15. Bxe7 Qxe7 16. Qxe4 f5 17. Qe5 Rfd8 18. Rfd1 Qd6 19. Qa5 a6 20. Rd2 Rbc8 21. Rad1 Qc5 22. Qa4 Bc4 23. Bxb7 Rb8 24. Bf3 Rb4 25. Qa3 Qb6 26. Rxd4 Rb8 27. Rxc4 Rxc4 28. Bd5+ Kh8 29. Bxc4 a5 30. Qd6 Qxd6 31. Rxd6 h5 32. b3 Re8 33. Rd5 g6 34. Rxa5 Kg7 35. e3 Kh6 36. h4 Re4 37. Ra6 Kg7 38. a4 Re5 39. a5 Re7 40. Rb6 Rd7 41. a6 Rd1+ 42. Kg2 Ra1 43. b4 Kh6 44.
Bf7 f4 45. exf4 Kg7 46. Bxg6 Kh6 47. Be4+ Kg7 48. b5 Kf7 49. Rb7+ Ke6 50. a7 Kd6 51. b6 Kc5 52. Rb8 Kb5 53. a8=Q 1-0

[Event "Late-Titled-Tuesday-Blitz-April-16-2024"]
[Site "Chess.com"]
[Date "2024.04.16"]
[Round "8"]
[White "shirovin"]
[Black "Navyblue1"]
[Result "0-1"]
[WhiteElo "2043"]
[BlackElo "2237"]
[TimeControl "180+1"]
[EndTime "15:25:00 PDT"]
[Termination "Navyblue1 won by resignation"]

1. e4 c5 2. Nf3 d6 3. d4 cxd4 4. Nxd4 Nf6 5. Nc3 a6 6. Be3 e5 7. Nb3 Be7 8. f3 h5 9. Qd2 Be6 10. O-O-O Nbd7 11. Kb1 Rc8 12. Nd5 Bxd5 13. exd5 Nb6 14.
c4 Nxc4 15. Bxc4 Rxc4 16. Na5 Rc8 17. Nxb7 Qc7 18. Na5 O-O 19. Rc1 Qd7 20. Nc6 Rc7 21.
h3 Rfc8 22. Bb6 Rxc6 23. dxc6 Rxc6 24. Rxc6 Qxc6 25. Be3 d5 26. Rc1 Qb7 27. Bc5 Bxc5 28. Rxc5 Qb6 29. Qc2 g6 30. Rc8+ Kg7 31. Qc5 Qxc5 32. Rxc5 Kf8 33. Ra5 Ke7 34. Rxa6 e4 35.
Rxf6 Kxf6 36. fxe4 dxe4 37. Kc2 Kf5 38. Kd2 Kf4 39. Ke2 Kg3 40. a4 Kxg2 41. a5 f5 42.
a6 f4 43. a7 f3+ 44. Ke3 f2 45. a8=Q f1=Q 46. Qxe4+ Kxh3 47. Qf3+ Qxf3+ 48. Kxf3 g5 49. b4 g4+ 50. Kf2 Kh2 51. b5 g3+ 52. Ke2 g2 53. b6 g1=Q 54. b7 Qb6 0-1

[Event "Late-Titled-Tuesday-Blitz-April-16-2024"]
[Site "Chess.com"]
[Date "2024.04.16"]
[Round "8"]
[White "a-z30"]
[Black "JaackCamel"]
[Result "1-0"]
[WhiteElo "2384"]
[BlackElo "2237"]
[TimeControl "180+1"]
[EndTime "15:25:02 PDT"]
[Termination "a-z30 won on time"]

1. d3 d5 2. Nf3 Nf6 3. g3 c5 4. Bg2 Nc6 5. O-O e5 6. c4 d4 7.
e3 Be7 8. exd4 exd4 9. Bf4 O-O 10.
Re1 Bf5 11. Ne5 Nxe5 12. Bxe5 Bd6 13. Bxf6 Qxf6 14. Qb3 Rfe8 15. Nd2 h6 16. Be4 Bg4 17. Bd5 Rab8 18. Ne4 Qg6 19. Nxd6 Qxd6 20. Rxe8+ Rxe8 21. Qxb7 Qf6 22. Be4 g6 23. Qxa7 Kg7 24. Qxc5 Rxe4 25.
dxe4 d3 26. Qe3 Qxb2 27. Rf1 Be2 28. Re1 Qxa2 29. e5 Qxc4 30. h4 Qc3 31. Rxe2 Qc4 32. Rd2 Qc1+ 33. Kh2 Qf1 34. Rxd3 Qa1 35. Rd2 Qa4 36. Re2 Qg4 37. e6 fxe6 38. Qxe6 Qd4 39. Qe7+ 1-0

[Event "Late-Titled-Tuesday-Blitz-April-16-2024"]
[Site "Chess.com"]
[Date "2024.04.16"]
[Round "8"]
[White "MrTattaglia"]
[Black "DanielNaroditsky"]
[Result "0-1"]
[WhiteElo "2962"]
[BlackElo "3132"]
[TimeControl "180+1"]
[EndTime "15:25:03 PDT"]
[Termination "DanielNaroditsky won on time"]

1. e4 Nf6 2. Qe2 e5 3. Nc3 Nc6 4. Nf3 Bc5 5. Na4 Be7 6. d3 d5 7.
exd5 Qxd5 8. Nc3 Bb4 9. Bd2 Bxc3 10. Bxc3 O-O 11. Qd2 Re8 12. Be2 Nh5 13. O-O Nf4 14. Rfe1 Bg4 15. Bd1 Re6 16. Nh4 Bh3 17. Bf3 Qd8 18. g3 Nd5 19. Be4 g6 20. Nf3 f6 21.
Nh4 f5 22. Bh1 Nxc3 23. bxc3 e4 24. Qf4 g5 25. Qe3 gxh4 26. dxe4 Qf6 27. Rab1 Rae8 28.
Rxb7 fxe4 29. Rxc7 Ne5 30. Qc5 Rf8 31. Bxe4 Nf3+ 32. Kh1 Nxe1 33. Bxh7+ Kh8 34. Be4 Re5 35. Qd4 Rxe4 36. Qd2 Bg2+ 37. Kg1 Nf3+ 38. Kxg2 Nxd2 0-1

[Event "Late-Titled-Tuesday-Blitz-April-16-2024"]
[Site "Chess.com"]
[Date "2024.04.16"]
[Round "8"]
[White "Denmark2015"]
[Black "Caterpiller35"]
[Result "1-0"]
[WhiteElo "2601"]
[BlackElo "2485"]
[TimeControl "180+1"]
[EndTime "15:25:03 PDT"]
[Termination "Denmark2015 won by resignation"]

1. d4 Nf6 2. c4 e6 3. Nc3 Bb4 4.
e3 c5 5. Ne2 d5 6. a3 Bxc3+ 7.
Nxc3 cxd4 8. exd4 O-O 9. c5 b6 10. b4 a5 11. b5 bxc5 12. dxc5 d4 13. Na4 e5 14. c6 e4 15. Bc4 Bg4 16. Qb3 d3 17. h3 Be2 18. Bd2 Qd6 19. Nc3 Ra7 20.
Nxe2 dxe2 21. Bxe2 Re7 22. Rd1 a4 23. Qxa4 Nd5 24. O-O Qe5 25. Bc4 Nb6 26. Qb3 Qd4 27. Be2 Qc5 28. Bb4 Qg5 29. Bxe7 Qxe7 30. a4 e3 31. Qxe3 Qb4 32. Ra1 Nd5 33. Qd3 Nf4 34.
Qc4 Qd2 35. Bf3 h5 36. Rfd1 Qb2 37. Qxf4 1-0

[Event "Late-Titled-Tuesday-Blitz-April-16-2024"]
[Site "Chess.com"]
[Date "2024.04.16"]
[Round "8"]
[White "DonkyDonkyDonkey"]
[Black "FabianoCaruana"]
[Result "0-1"]
[WhiteElo "2911"]
[BlackElo "3082"]
[TimeControl "180+1"]
[EndTime "15:25:05 PDT"]
[Termination "FabianoCaruana won on time"]

1. d4 Nf6 2. Nc3 e6 3. e4 d5 4. Bg5 Be7 5. e5 Nfd7 6. Bxe7 Qxe7 7. f4 a6 8. Nf3 c5 9. dxc5 Nxc5 10. Bd3 Nc6 11. Qd2 b5 12. Ne2 Bb7 13. c3 O-O 14. Ned4 f5 15. exf6 Qxf6 16. Nxc6 Bxc6 17. Nd4 e5 18.
Nxc6 Qxc6 19. fxe5 Rad8 20. O-O-O d4 21. Kb1 Nxd3 22. Qxd3 dxc3 23. Qxc3 Qxg2 24. a3 h6 25. Ka1 Qg6 26. Rhg1 Rxd1+ 27. Rxd1 Qe6 28. Rg1 Rf5 29. Re1 Rf2 30. Qd4 Rf7 31. Qd8+ Rf8 32. Qd4 a5 33. Qd6 Re8 34. Qc5 b4 35. a4 b3 36. Qxa5 Rc8 37. Qb5 Kh8 38. Rd1 Qh3 39. Qb6 Qd3 40. Rb1 Qc4 41.
Qa5 Qe4 42. Qb5 Rc4 43. Qe8+ Kh7 0-1

[Event "Late-Titled-Tuesday-Blitz-April-16-2024"]
[Site "Chess.com"]
[Date "2024.04.16"]
[Round "8"]
[White "Fandorine"]
[Black "Oleksandr_Bortnyk"]
[Result "0-1"]
[WhiteElo "2909"]
[BlackElo "3057"]
[TimeControl "180+1"]
[EndTime "15:25:07 PDT"]
[Termination "Oleksandr_Bortnyk won by resignation"]

1. d4 Nf6 2. c4 b6 3. Nf3 Bb7 4. g3 g6 5. Bg2 Bg7 6. O-O O-O 7. d5 Na6 8. Nc3 Nc5 9. Qc2 Ne8 10. Rb1 a5 11. b3 e5 12. dxe6 dxe6 13. Bb2 Nd6 14.
Rbd1 Qe7 15. Nd4 Bxd4 16. Rxd4 e5 17. Nd5 Bxd5 18. Rxd5 f6 19. Rfd1 Rae8 20. Ba3 e4 21. e3 Ndb7 22. h4 Rf7 23. h5 f5 24. Bb2 Ref8 25.
Qc3 Qf6 26. Re5 Nd6 27. a3 Nd3 28. Rxd3 exd3 29. Qxd3 Ne4 30. Qc2 Qd6 31. Rd5 Qe7 32.
Bxe4 fxe4 33. Qc3 Rxf2 34. Qh8+ Kf7 35. Qxh7+ Ke8 36. Re5 Rf1+ 37. Kg2 R8f2+ 38. Kh3 Rh1+ 39. Kg4 gxh5+ 40. Qxh5+ Rxh5 0-1

[Event "Late-Titled-Tuesday-Blitz-April-16-2024"]
[Site "Chess.com"]
[Date "2024.04.16"]
[Round "8"]
[White "Lupul_Cenusiu"]
[Black "KorolDimitriy75"]
[Result "1-0"]
[WhiteElo "2680"]
[BlackElo "2318"]
[TimeControl "180+1"]
[EndTime "15:25:07 PDT"]
[Termination "Lupul_Cenusiu won on time"]

1. e4 c5 2. Nc3 g6 3. d4 cxd4 4. Qxd4 Nf6 5. Nf3 Nc6 6. Qa4 d6 7. e5 dxe5 8. Nxe5 Bd7 9. Nxd7 Qxd7 10. Be3 Bg7 11. Rd1 Qc8 12. g3 O-O 13. Bg2 Qf5 14. O-O Rac8 15. Rfe1 Rfe8 16. h3 h5 17. Kh2 a6 18.
Ne4 Ne5 19. Nxf6+ Bxf6 20. Bxb7 Nf3+ 21. Bxf3 Qxf3 22. c3 h4 23. Qf4 Qb7 24. Rd2 Qb5 25. Bd4 Bxd4 26. Qxd4 hxg3+ 27. fxg3 e5 28. Qd5 Rc5 29. Qd7 Qb8 30. Rf1 Rc7 31. Qd6 Qc8 32. Re2 Re6 33. Qd5 Rd7 34. Qe4 Qd8 35. Qe3 Kg7 36.
Ref2 Qe7 37. a3 f5 38. c4 e4 39. Qc3+ Kh7 40. Rf4 Rd3 41. Rh4+ 1-0

[Event "Late-Titled-Tuesday-Blitz-April-16-2024"]
[Site "Chess.com"]
[Date "2024.04.16"]
[Round "8"]
[White "Statham_01"]
[Black "ccccvhhhj"]
[Result "0-1"]
[WhiteElo "2588"]
[BlackElo "2449"]
[TimeControl "180+1"]
[EndTime "15:25:09 PDT"]
[Termination "ccccvhhhj won by checkmate"]

1. e4 e6 2. d4 d5 3. Nc3 Bb4 4. Qg4 Nf6 5. Qxg7 Rg8 6. Qh6 Rg6 7. Qh4 Rg4 8. Qh6 Rg6 9. Qe3 Nxe4 10. Ne2 Nc6 11. f3 Nd6 12. a3 Nc4 13. Qf4 Bd6 14. b3 Bxf4 15. Nxf4 Nd6 16. Bd3 Rg8 17. Be3 Qf6 18. O-O-O Nf5 19. Bxf5 Qxf5 20. g4 Qf6 21. Rhe1 Ne7 22. Nd3 Bd7 23. h3 O-O-O 24. f4 Ng6 25. Rf1 Qe7 26. Kb2 a6 27. Rde1 Qd6 28. f5 Ne7 29. Bf4 Qb6 30. Be5 Bb5 31. fxe6 fxe6 32. Rf7 Bxd3 33. Rxe7 Bg6 34. Na4 Qc6 35. Nc5 Rge8 36. Rg7 Rg8 37. Re7 Rde8 38. Rxe8+ Rxe8 39. c4 dxc4 40. Rc1 Qg2+ 41. Kc3 Qf3+ 42. Kb4 b6 43. Rxc4 bxc5+ 44. Rxc5 Re7 45. Ka5 Qb7 46. a4 Qb6# 0-1

[Event "Late-Titled-Tuesday-Blitz-April-16-2024"]
[Site "Chess.com"]
[Date "2024.04.16"]
[Round "8"]
[White "PhileKhoob"]
[Black "Hakiki_satranc"]
[Result "1-0"]
[WhiteElo "2304"]
[BlackElo "2413"]
[TimeControl "180+1"]
[EndTime "15:25:10 PDT"]
[Termination "PhileKhoob won on time"]

1. Nf3 c5 2. c4 Nc6 3. d4 cxd4 4.
Nxd4 e6 5. g3 Bb4+ 6. Nc3 Qb6 7.
Nb5 Ne5 8. Qb3 Bc5 9. Ne4 a6 10. Nbd6+ Ke7 11. Nxc8+ Rxc8 12. Qxb6 Bxb6 13. b3 Ba5+ 14.
Bd2 Bxd2+ 15. Kxd2 Nf6 16. Bg2 b5 17. cxb5 axb5 18.
Nxf6 gxf6 19. Rhc1 d5 20. a4 b4 21. Rxc8 Rxc8 22.
Rc1 Rxc1 23. Kxc1 Kd6 24. h3 f5 25. Kd2 Kc5 26. e3 h6 27. Bf1 Nc6 28. Be2 Na5 29. Kc2 d4 30. exd4+ Kxd4 31. Bh5 f6 32. f4 e5 33. Bg6 Ke4 34. fxe5 fxe5 35. g4 Kf4 36. gxf5 Kg5 37. h4+ 1-0

[Event "Late-Titled-Tuesday-Blitz-April-16-2024"]
[Site "Chess.com"]
[Date "2024.04.16"]
[Round "8"]
[White "Hirna2005"]
[Black "Sanyura"]
[Result "0-1"]
[WhiteElo "2363"]
[BlackElo "2609"]
[TimeControl "180+1"]
[EndTime "15:25:11 PDT"]
[Termination "Sanyura won on time"]

1. e4 c5 2. c3 g6 3. d4 cxd4 4. cxd4 d5 5. Nc3 dxe4 6. Bc4 Nc6 7. Be3 Bg7 8. Nge2 Nf6 9. O-O O-O 10. Ng3 Bg4 11. Qd2 Rc8 12. Bb5 Qa5 13. a3 Rfd8 14.
b4 Qc7 15. Rac1 a6 16. Bxc6 Qxc6 17. d5 Nxd5 18. Nxd5 Qxd5 19. Qxd5 Rxd5 20. Nxe4 h6 21. Nc5 Bb2 22. Rc4 Be2 23. Rc2 Bxf1 24. Rxb2 Rd1 25. f3 b6 26. Ne4 Bd3+ 27. Kf2 f5 28. Nd2 Rc2 29. Rxc2 Bxc2 30. Nc4 b5 31. Ne5 g5 32.
f4 g4 33. h3 h5 34. hxg4 hxg4 35. Ng6 Kf7 36. Ne5+ Ke6 37. Nc6 Be4 38. Nd4+ Kf7 39.
Kg3 Rd3 40. Kf2 Rxa3 41. g3 Ra2+ 42. Ke1 a5 0-1

[Event "Late-Titled-Tuesday-Blitz-April-16-2024"]
[Site "Chess.com"]
[Date "2024.04.16"]
[Round "8"]
[White "mishanick"]
[Black "eljanov"]
[Result "1-0"]
[WhiteElo "3053"]
[BlackElo "2896"]
[TimeControl "180+1"]
[EndTime "15:25:18 PDT"]
[Termination "mishanick won by checkmate"]

1. d4 Nf6 2. c4 e6 3. Nc3 Bb4 4. e3 O-O 5. Bd3 d5 6. a3 Bxc3+ 7. bxc3 dxc4 8. Bxc4 c5 9. Nf3 Qc7 10. Bb3 Nc6 11. O-O Rd8 12. Re1 e5 13. Ng5 Rd7 14. d5 Na5 15. e4 Nxb3 16. Qxb3 Ne8 17. c4 Nd6 18. f4 h6 19. Nf3 exf4 20. Bxf4 Qd8 21. Rad1 b6 22. e5 Nf5 23. Qd3 Ne7 24. Bg3 Rb7 25. Bh4 Qf8 26. h3 Ng6 27. Bg3 Qe8 28.
Qe4 b5 29. e6 fxe6 30. dxe6 bxc4 31. Qxc4 Kh7 32. Qc2 Bxe6 33. Rxe6 Qxe6 34. Rd6 Qe8 35. Ne5 Rb6 36. Nxg6 Rxd6 37. Nf8+ Kg8 38. Bxd6 Rd8 39. Qh7+ Kf7 40. Qf5+ Kg8 41. Bxc5 Qf7 42. Qh7# 1-0

[Event "Late-Titled-Tuesday-Blitz-April-16-2024"]
[Site "Chess.com"]
[Date "2024.04.16"]
[Round "8"]
[White "szachmistrz2500"]
[Black "Kildepiotr"]
[Result "1/2-1/2"]
[WhiteElo "2460"]
[BlackElo "2697"]
[TimeControl "180+1"]
[EndTime "15:25:19 PDT"]
[Termination "Game drawn - insufficient material"]

1. d4 Nf6 2. c4 e6 3. Nf3 b6 4. a3 Bb7 5. Nc3 d5 6. Bg5 Nbd7 7. e3 h6 8. Bh4 Be7 9. Bd3 O-O 10. O-O c5 11. Qe2 cxd4 12. Nxd4 Ne5 13. Bxf6 Bxf6 14. cxd5 Nxd3 15. Qxd3 Bxd5 16. Nxd5 Qxd5 17.
Rfd1 Rac8 18. Qa6 Qa8 19. Rd2 Rfd8 20. Rad1 Rc7 21. b4 Rcd7 22. Nf3 Rxd2 23. Rxd2 Rxd2 24. Nxd2 Qd5 25. Nf1 Qd7 26. g3 b5 27. h4 Bd8 28.
Nh2 Bb6 29. Nf3 Qd5 30. Nd4 Bxd4 31. exd4 Qxd4 32. Qxb5 Qa1+ 33. Kg2 Qxa3 34. Qe8+ Kh7 35. Qxf7 Qxb4 36. Qxe6 Qb1 37. Qa6 Qe4+ 38. Kg1 Qd4 39.
h5 Qb6 40. Qd3+ Kg8 41. Qd5+ Kf8 42. Qf5+ Qf6 43. Qc8+ Kf7 44. Qc4+ Qe6 45. Qf4+ Ke7 46. Qd4 Qf6 47. Qxa7+ Kf8 48. Qb8+ Kf7 49. Qf4 Qxf4 50. gxf4 g6 51. hxg6+ Kxg6 52. Kg2 Kf5 53. Kg3 h5 54. Kh4 Kxf4 55. Kxh5 Kf3 56. Kg5 Kxf2 1/2-1/2

[Event "Late-Titled-Tuesday-Blitz-April-16-2024"]
[Site "Chess.com"]
[Date "2024.04.16"]
[Round "8"]
[White "ATM622"]
[Black "GlavkonVVS"]
[Result "0-1"]
[WhiteElo "2452"]
[BlackElo "2614"]
[TimeControl "180+1"]
[EndTime "15:25:20 PDT"]
[Termination "GlavkonVVS won by resignation"]

1. d4 Nf6 2. c3 g6 3. g3 Bg7 4. Bg2 O-O 5. Nf3 d6 6. O-O Nbd7 7. Nbd2 c5 8. e4 Rb8 9. a4 a6 10. Re1 cxd4 11. cxd4 e5 12. Nc4 Qc7 13. b3 b5 14.
axb5 axb5 15. dxe5 bxc4 16. exf6 Bxf6 17. Bh6 cxb3 18. Rb1 Nc5 19. Bxf8 Kxf8 20. Qd2 Be6 21. Rec1 b2 22. Rc2 Qb6 23. e5 Nb3 24. Rcxb2 Nxd2 25. Rxb6 Nxf3+ 26. Bxf3 Rxb6 27. Rxb6 Bxe5 28. Rb5 Bd4 29.
Bd5 Bc5 30. Bxe6 fxe6 31. Kf1 h5 32. Rb7 d5 33. Ke2 Be7 34. Ke3 Bf6 35. f4 Kg8 36. Kd3 Kf8 37. Kc2 Bd4 38. Kd3 Bg1 39. Rb2 Kf7 40.
Rg2 Bc5 41. h3 Bd6 42. Rf2 Kf6 43. g4 hxg4 44. hxg4 g5 45. f5 e5 46. Rf1 Bc5 47.
Rh1 e4+ 48. Ke2 d4 49. Rh6+ Ke5 50. Re6+ Kf4 51. f6 d3+ 52. Kd2 Bb4+ 53. Kd1 e3 54.
f7 e2+ 55. Kc1 e1=Q+ 56. Rxe1 d2+ 0-1

[Event "Late-Titled-Tuesday-Blitz-April-16-2024"]
[Site "Chess.com"]
[Date "2024.04.16"]
[Round "8"]
[White "TangerineandLemon25"]
[Black "LuisFSiles"]
[Result "1-0"]
[WhiteElo "2613"]
[BlackElo "2406"]
[TimeControl "180+1"]
[EndTime "15:25:21 PDT"]
[Termination "TangerineandLemon25 won on time"]

1. e4 c5 2. Nf3 Nc6 3. Bb5 g6 4. Bxc6 dxc6 5. d3 Bg7 6. Nc3 Nf6 7. h3 Nd7 8. Be3 e5 9. Qd2 h6 10. O-O b6 11. Nh2 Nf8 12. f4 exf4 13. Bxf4 Ne6 14. Be3 c4 15. Nf3 cxd3 16. cxd3 Ba6 17. Rad1 c5 18.
e5 Bb7 19. Nb5 Bf8 20. Nh2 a6 21. Nc3 h5 22. Qf2 Qc7 23. Ne4 Bxe4 24. dxe4 Bg7 25. Nf3 O-O 26. Rd5 Rad8 27. Rfd1 b5 28. Rd6 Bxe5 29.
Rxd8 Rxd8 30. Rxd8+ Nxd8 31. Nxe5 Qxe5 32. Bxc5 Ne6 33.
Be3 Qxe4 34. Kh2 Qe5+ 35. Kg1 Qe4 36. a3 f5 37. Qd2 f4 38. Bf2 Kf7 39. Qc3 g5 40.
Qd2 g4 41. hxg4 hxg4 42. Qd7+ Kg6 43. Qe8+ Kf5 44. Qh5+ Ng5 45. Qh8 g3 46. Qf8+ 1-0